 Dungeon Crawl Stone Soup version 0.23.2 (webtiles) character file.

Game seed: 13278085460639673750

186 Borgoz the Sneak (level 5, -6/44 HPs)
             Began as a Ghoul Assassin on Apr 4, 2019.
             Killed from afar by an orc wizard (11 damage)
             ... with a puff of flame
             ... on level 4 of the Dungeon.
             The game lasted 00:04:38 (2924 turns).

Borgoz the Sneak (Ghoul Assassin)                   Turns: 2924, Time: 00:04:39

Health: -6/44      AC:  4    Str: 15    XL:     5   Next: 66%
Magic:  4/4        EV: 12    Int:  6    God:
Gold:   223        SH:  0    Dex: 11    Spells: 4/4 levels left

rFire    . . .     SeeInvis .   b - +2 dagger (flame)
rCold    + . .     Gourm    .   (no shield)
rNeg     + + +     Faith    .   c - +0 robe
rPois    ∞         Spirit   .   r - +0 helmet
rElec    .         Reflect  .   d - +0 cloak
rCorr    .         Harm     .   (no gloves)
MR       +....                  (no boots)
Stlth    +++.......             (no amulet)
HPRegen  0.00/turn              m - ring of protection from magic
MPRegen  0.09/turn              (no ring)

@: rotting
A: rotting body, claws 1, carnivore, cold resistance 1, negative energy
resistance 3, inhibited regeneration, torment resistance, unbreathing
a: no special abilities


You were on level 4 of the Dungeon.
You were not hungry.

You visited 1 branch of the dungeon, and saw 4 of its levels.

You collected 223 gold pieces.

Inventory:

Hand Weapons
 a - a +0 dagger of draining
 b - a +2 dagger of flaming (weapon)
 q - a +0 blowgun
 t - a +3 short sword
Missiles
 e - 18 poisoned needles
 f - 2 curare-tipped needles
Armour
 c - a +0 robe (worn)
 d - a +0 cloak (worn)
 r - a +0 helmet (worn)
 s - a cursed +0 animal skin
Jewellery
 m - a ring of protection from magic (left claw)
 y - a +4 ring of protection {unknown}
Wands
 u - a wand of digging (6)
Scrolls
 h - 2 scrolls of teleportation {unknown}
 j - 4 scrolls of amnesia {unknown}
 l - 2 scrolls of remove curse {unknown}
 v - a scroll of blinking {unknown}
 w - a scroll of immolation {unknown}
 x - 2 scrolls of identify {unknown}
 B - a scroll of enchant weapon {unknown}
 C - a scroll of noise {unknown}
Potions
 i - a potion of brilliance {unknown}
 n - a potion of magic {unknown}
 o - a potion of ambrosia {unknown}
 z - a potion of degeneration {unknown}
Comestibles
 g - 7 rations


   Skills:
 + Level 2.9 Fighting
 * Level 2.9 Short Blades
 - Level 1.7 Throwing
 * Level 2.2 Armour
 * Level 2.4 Dodging
 + Level 4.8 Stealth


You had 4 spell levels left.
You didn't know any spells.
Your spell library was empty.

Dungeon Overview and Level Annotations

Branches:
Dungeon (4/15)
 Temple: D:4-7

Altars:
Fedhas
Uskayaw


Innate Abilities, Weirdness & Mutations

Your body is rotting away.
You thrive on raw meat.
You are immune to poison.
You have sharp fingernails.
You are carnivorous and can eat meat at any time.
Your flesh is cold resistant. (rC+)
You are immune to negative energy. (rN+++)
You do not regenerate when monsters are visible.
You are immune to unholy pain and torment.
You can survive without breathing.


Message History

The orc hits you but does no damage.
The orc wizard hits you but does no damage.
Throwing (i - inventory)
p - a throwing net (quivered)
Press: ? - help, Shift-Dir - straight line, f - orc wizard
Aim: an orc wizard, wielding a +0 dagger and wearing a +0 robe (fast)
You throw a throwing net.
The throwing net barely misses the orc wizard.
The orc hits you with a +1 mace of crushing.
The orc wizard points at you and mumbles some strange words.
The puff of flame hits you. The orc hits you with a +0 whip!
* * * LOW HITPOINT WARNING * * *
You closely miss the orc wizard. The orc wizard closely misses you.
The orc completely misses you. The orc hits you with a +0 whip.
* * * LOW HITPOINT WARNING * * *
You hit the orc. You burn the orc.
You kill the orc!
The orc wizard hits you but does no damage.
The orc wizard gestures at you while chanting.
The puff of flame hits you!
You die...

.................#
.................#
.................#
.................#
.................#
.............(...#
..............(..#
.................######
###############.@o....#
#.)o....# #.......#
#.......# #.......#
#......(# #.......#
#.......#


You could see an orc wizard and an orc.

Vanquished Creatures
  Robin (D:2)
  A howler monkey skeleton (D:4)
  6 adders
  An adder skeleton (D:4)
  3 worms
  2 dart slugs (D:1)
  4 leopard geckos
  An orc (D:4)
  5 giant cockroaches
  15 goblins
  6 hobgoblins
  9 jackals
  9 kobolds
  12 bats
  3 frilled lizards (D:1)
  9 rats
87 creatures vanquished.

Notes
Turn   | Place    | Note
-------+----------+-------------------------------------------
     0 | D:1      | Borgoz the Ghoul Assassin began the quest for the Orb.
     0 | D:1      | Reached XP level 1. HP: 17/17 MP: 0/0
    67 | D:1      | Reached skill level 1 in Dodging
   274 | D:1      | Reached XP level 2. HP: 23/24 MP: 1/1
   648 | D:1      | Reached XP level 3. HP: 24/30 MP: 2/2
   741 | D:1      | Reached skill level 1 in Armour
  1334 | D:2      | Found a hide-covered altar of Uskayaw.
  1341 | D:2      | Noticed a +0 dagger
  1342 | D:2      | Noticed a +0 hand axe
  1389 | D:2      | Reached XP level 4. HP: 33/37 MP: 3/3
  1646 | D:2      | Noticed Robin
  1664 | D:2      | Killed Robin
  2056 | D:2      | You fall through a shaft!
  2238 | D:3      | Reached XP level 5. HP: 32/44 MP: 4/4
  2766 | D:4      | Found a blossoming altar of Fedhas.
  2924 | D:4      | Killed from afar by an orc wizard

Skill      XL: |  1  2  3  4  5 |
---------------+----------------+-----
Dodging        | 1 2 |  2.4
Short Blades   | 2 |  2.9
Armour         | 1 2 |  2.2
Fighting       | |  2.9
Throwing       | |  1.7
Stealth        | |  4.8

Action                   |  1- 3 |  4- 6 || total
-------------------------+-------+-------++-------
Melee: Dagger            |   131 |   170 ||   301
Throw: Throwing net      |       |     1 ||     1
  Use: Potion            |       |     2 ||     2
 Stab: Sleeping          |     8 |     9 ||    17
  Eat: Chunk             |     4 |     5 ||     9
Armor: Robe              |    27 |    33 ||    60
Dodge: Dodged            |    83 |    98 ||   181
